 Dungeon Crawl Stone Soup version 0.30-a0-1160-g6e42c06551 (webtiles) character file.

Game seed: 8677832456971575230

32 AleXD21137 the Ruffian (level 3, -6/33 HPs)
             Began as a Ghoul Monk on Apr 25, 2023.
             Mangled by a hobgoblin
             ... wielding a +0 club
              (7 damage)
             ... on level 2 of the Dungeon.
             The game lasted 00:07:03 (1197 turns).

AleXD21137 the Ruffian (Ghoul Monk)                 Turns: 1197, Time: 00:07:04

Health: -6/33      AC:  2    Str: 14    XL:     3   Next: 25%
Magic:  2/2        EV:  9    Int:  7    God:
Gold:   51         SH:  0    Dex: 11    Spells: 2/2 levels left

rFire   . .          .
                       - Unarmed
rCold   + . .        c - orb {light}
rNeg    + + +        a - +0 robe
rPois   ∞            (no helmet)
rElec   .            (no cloak)
rCorr   .            (no gloves)
SInv    .            (no boots)
Will    .....        d - amulet of magic regeneration
Stlth   +            (no ring)
HPRegen 0.00/turn    (no ring)
MPRegen 0.48/turn

%: no passive effects
@: inhibited regen, glowing, constricted
A: claws 1, cold resistance 1, negative energy resistance 3, inhibited
regeneration, torment resistance 2, devour on kill
a: no special abilities


You were on level 2 of the Dungeon.
You visited 1 branch of the dungeon, and saw 2 of its levels.

You collected 51 gold pieces.

Inventory:

Armour
 a - a +0 robe (worn)
 c - an orb of light (worn)
Jewellery
 d - an amulet of magic regeneration (around neck)
Scrolls
 f - 2 scrolls of teleportation
 g - a scroll of identify
Potions
 b - a potion of ambrosia
 e - a potion of heal wounds {unknown}
 h - a potion of flight
 i - a potion of might {unknown}


   Skills:
 + Level 3.7 Fighting
 + Level 3.1 Dodging
 + Level 3.9 Unarmed Combat


You had 2 spell levels left.
You didn't know any spells.
Your spell library contained the following spells:

 Spells                   Type           Power      Damage    Failure   Level
 Portal Projectile        Hex/Tloc       0%         N/A       80%         3
 Tukima's Dance           Hex            0%         N/A       80%         3
 Blade Hands              Tmut           Unusable   N/A       N/A         5

Dungeon Overview and Level Annotations

Branches:
Dungeon (2/15)

Altars:


Innate Abilities, Weirdness & Mutations

You are immune to poison.
You have sharp fingernails.
Your flesh is cold resistant. (rC+)
You are immune to negative energy. (rN+++)
You do not regenerate when monsters are visible.
You are immune to unholy pain and torment.
You thrive by killing the living.


Message History

The hobgoblin hits your butterfly with a +0 club.
Your butterfly dies!
Your butterfly disappears in a burst of colours!
The giant cockroach completely misses your butterfly.
The ball python skeleton barely misses your butterfly.
The ball python skeleton closely misses your butterfly.
The hobgoblin hits your butterfly with a +0 club!
Your butterfly dies!
Your butterfly disappears in a burst of colours!
The ball python skeleton bites your butterfly.
Your butterfly dies!
Your butterfly disappears in a burst of colours!
The hobgoblin closely misses your butterfly.
The giant cockroach bites your butterfly.
Your butterfly dies!
Your butterfly disappears in a burst of colours!
The hobgoblin hits your butterfly with a +0 club.
Your butterfly dies!
Your butterfly disappears in a burst of colours!
The hobgoblin hits your butterfly with a +0 club.
Your butterfly dies!
Your butterfly disappears in a burst of colours!
The giant cockroach bites you but does no damage.
The ball python skeleton bites you but does no damage.
The ball python skeleton grabs you.
The ball python skeleton constricts you.
* * * LOW HITPOINT WARNING * * *
The worm misses your butterfly. The giant cockroach bites you.
* * * LOW HITPOINT WARNING * * *
The ball python skeleton barely misses you.
The ball python skeleton constricts you.
* * * LOW HITPOINT WARNING * * *
The hobgoblin closely misses you.
The giant cockroach bites you but does no damage.
The ball python skeleton bites you but does no damage.
The ball python skeleton constricts you.
* * * LOW HITPOINT WARNING * * *
The hobgoblin hits you with a +0 club!
You die...

$...#...#).....#.. ..
#......#...#..#......
..##......#.......#..##.
.....b....#.#.#.#.#..##.
........bb#.#.....#..##.
..bbbbb...#.#.....#.....
#...bbb.bb#<#.....#.#.##
..bbbb.#b...#.#####.#...
####.@Bw..#.#.....###.
...b.bbZg#.b#......####.
.....(bbb)..............
....##.#b#.##.##<.......
### #.....##.##########
.....####.# .......# #.#
........ ..# ....<.. ..#


You could see a worm (ally target), a giant cockroach (ally target), a hobgoblin
and a ball python skeleton (ally target).

Vanquished Creatures
  An adder skeleton (D:2)
  A dart slug (D:1)
  3 bats (D:1)
  2 endoplasms
  2 goblins
  3 hobgoblins (D:1)
  4 jackals (D:1)
  3 ball pythons
  A ball python skeleton (D:2)
  2 kobolds
  3 rats (D:1)
25 creatures vanquished.

Vanquished Creatures (others)
  A withered plant (D:2)
1 creature vanquished.

Grand Total: 26 creatures vanquished

Notes
Turn   | Place    | Note
-------+----------+-------------------------------------------
     0 | D:1      | AleXD21137 the Ghoul Monk began the quest for the Orb.
     0 | D:1      | Reached XP level 1. HP: 19/19 MP: 0/0
   128 | D:1      | Reached XP level 2. HP: 24/26 MP: 1/1
   243 | D:1      | Found a faded altar of an unknown god.
  1012 | D:1      | You fall into a shaft and drop 1 floor!
  1025 | D:2      | Reached XP level 3. HP: 25/31 MP: 2/2
  1197 | D:2      | HP: 1/33 [constriction (1)]
  1197 | D:2      | Mangled by a hobgoblin

Illustrated notes

Levels and vault maps discovered:
D:1:      lightli_arrival_maybe_door_vault, layout_loops_ring,
          nicolae_ecumenical_snake_handling
D:2:      layout_basic, serial_undead, serial_undead_b, serial_undead_b,
          serial_undead_f, serial_undead_c, kennysheep_donut

Skill      XL: |  1  2 |
---------------+-------+-----
Dodging        | 3 |  3.1
Fighting       | |  3.7
Unarmed Combat | |  3.9

Action                     || total
---------------------------++-------
  Melee: Unarmed           ||    62
    Use: Scroll            ||     7
 Armour: Robe              ||    17
  Dodge: Dodged            ||    62

Table legend: (Time is in decaauts)
 A = Elapsed time spent in this place.
 B = Non-inter-level travel time spent in this place.
 C = Inter-level travel time spent in this place.
 D = Time resting spent in this place.
 E = Time spent auto-exploring this place.
 F = Levels seen in this place.
 G = Mean time per level.
                   A        B        C        D        E       F      G
               +--------+--------+--------+--------+--------+-----+--------+
         Total |   1192 |   1192 |      0 |      0 |    597 |   2 |  596.0 |
       Dungeon |   1192 |   1192 |      0 |      0 |    597 |   2 |  596.0 |
               +--------+--------+--------+--------+--------+-----+--------+

Top non-repeatable levels by time:
     D:1: 1008 daAuts
     D:2: 183 daAuts
